 Dungeon Crawl Stone Soup version 0.29.1-15-g9cfb28693d (webtiles) character file.

Game seed: 16927128330414648979

61 KittyFluff the Trooper (level 4, 0/28 HPs)
             Began as a Gargoyle Berserker on Apr 18, 2023.
             Was a Believer of Trog.
             Slain by Sigmund
             ... wielding a +0 scythe
              (6 damage)
             ... on level 2 of the Dungeon.
             The game lasted 00:06:03 (1001 turns).

KittyFluff the Trooper (Gargoyle Berserker)         Turns: 1001, Time: 00:06:03

Health: 0/28       AC:  8    Str: 21    XL:     4   Next: 7%
Magic:  4/4        EV: 11    Int:  7    God:    Trog [**....]
Gold:   137        SH:  3    Dex: 11    Spells: 3/3 levels left

rFire   . . .      SeeInvis .   a - +0 mace
rCold   . . .      Faith    .   l - +0 buckler
rNeg    + . .      Spirit   .   b - +0 animal skin
rPois   ∞          Reflect  .   (no helmet)
rElec   +          Harm     .   (no cloak)
rCorr   .          Rampage  .   f - +1 pair of gloves
Will    .....                   (no boots)
Stlth   +.........              c - amulet of regeneration
HPRegen 0.89/turn               (no ring)
MPRegen 0.09/turn               (no ring)

@: no status effects
A: sickness immunity, AC +3, negative energy resistance 1, electricity
resistance, torment resistance 1, petrification resistance
a: Renounce Religion, Berserk, Trog's Hand


You were on level 2 of the Dungeon.
You worshipped Trog.
Trog was pleased with you.
You visited 1 branch of the dungeon, and saw 2 of its levels.

You collected 137 gold pieces.

Inventory:

Hand Weapons
 a - a +0 mace (weapon)
Armour
 b - a +0 animal skin (worn)
 f - a +1 pair of gloves (worn)
 l - a +0 buckler (worn)
Jewellery
 c - an amulet of regeneration (around neck)
 n - an amulet of the acrobat
Wands
 d - a wand of flame (17)
Scrolls
 e - a scroll of fear {unknown}
 h - a scroll of poison {unknown}
 i - a scroll of butterflies {unknown}
 m - 3 scrolls of brand weapon {unknown}
 r - a scroll of acquirement {unknown}
Potions
 g - a potion of flight
 j - a potion of mutation
 k - a potion of resistance
 o - a potion of might {unknown}
 p - a potion of haste {unknown}
 q - a potion of brilliance {unknown}


   Skills:
 + Level 3.5 Fighting
 + Level 3.4 Maces & Flails
 * Level 3.2 Armour
 + Level 2.2 Dodging


You had 3 spell levels left.
You didn't know any spells.
Your spell library was empty.

Dungeon Overview and Level Annotations

Branches:
Dungeon (2/15)

Altars:

Annotations:
D:2 Sigmund


Innate Abilities, Weirdness & Mutations

You are immune to sickness and miasma.
Your stone body is resilient. (AC +3)
You are immune to poison.
You resist negative energy. (rN+)
You are resistant to electric shocks. (rElec)
You are resistant to unholy torment.
You are immune to petrification.


Message History

The puff of flame hits Sigmund!
Sigmund is moderately wounded.
Sigmund gestures at you while chanting. The puff of flame hits you.
Aiming: Throw Flame
Press: ? - help, Shift-Dir - straight line, f/p - Sigmund
Aim: Sigmund, wielding a +0 scythe and wearing a +2 robe (moderately wounded, 64% to hit)
The puff of flame hits Sigmund.
Sigmund is moderately wounded.
An endoplasm comes into view.
Sigmund mumbles some strange words.
Sigmund flickers and vanishes!
Deactivating autopickup; reactivate with Ctrl-A.
Something hits you! Something completely misses you. Something hits you.
You sock the endoplasm!
You kill the endoplasm!
Trog accepts your kill. Something hits you.
You miss something. Something hits you but does no damage.
You hit something but do no damage. Something hits you.
You hit something but do no damage. Something hits you but does no damage.
You closely miss something. You hit something but do no damage.
Something hits you but does no damage.
You miss something. Something hits you but does no damage.
You closely miss something. Something hits you!
* * * LOW HITPOINT WARNING * * *
You miss something. Something hits you but does no damage.
You sock something! You block something's attack.
You miss something. Something hits you.
* * * LOW HITPOINT WARNING * * *
You hit something. You miss something. Something hits you.
* * * LOW HITPOINT WARNING * * *
You hit something but do no damage. Something hits you but does no damage.
You barely miss something. Something hits you.
* * * LOW HITPOINT WARNING * * *
You miss something. Something hits you.
You die...

########'# #####.........
#.............
#.............
#.............
#............. # #......#
#..###.##### #......####
#{@.#......
#.........#####..##########
#.........................#
#.........................#
#.........................#
######....................#
#....................#
#....................#
#....................##


There were no monsters in sight!

Vanquished Creatures
  Jessica (D:2)
  An adder (D:2)
  A dart slug (D:1)
  A worm (D:2)
  3 ball pythons
  3 bats
  An endoplasm (D:2)
  2 goblins
  3 hobgoblins (D:1)
  A frilled lizard (D:2)
  A kobold (D:1)
  6 rats
24 creatures vanquished.

Vanquished Creatures (others)
  A plant (D:2)
1 creature vanquished.

Grand Total: 25 creatures vanquished

Notes
Turn   | Place    | Note
-------+----------+-------------------------------------------
     0 | D:1      | KittyFluff the Gargoyle Berserker began the quest for the
                  | Orb.
     0 | D:1      | Reached XP level 1. HP: 14/14 MP: 1/1
   194 | D:1      | Reached XP level 2. HP: 17/19 MP: 2/2
   412 | D:1      | Noticed a shining eye
   413 | D:1      | Found a faded altar of an unknown god.
   421 | D:1      | Noticed an eye of devastation
   425 | D:1      | Noticed a floating eye
   435 | D:1      | Noticed a shining eye
   604 | D:2      | Noticed Jessica
   614 | D:2      | Killed Jessica
   615 | D:2      | Reached XP level 3. HP: 18/23 MP: 3/3
   844 | D:2      | Reached ** piety under Trog
   900 | D:2      | Noticed Sigmund
   920 | D:2      | Reached XP level 4. HP: 28/28 MP: 4/4
  1001 | D:2      | Slain by Sigmund

Illustrated notes

Levels and vault maps discovered:
D:1:      dpeg_arrival_more_subterranean_lakeside_camping, layout_basic,
          hellmonk_ecumenical_altar_watching_god
D:2:      layout_basic, basic_altar, minmay_shallow_snake_nest, uniq_sigmund,
          uniq_natasha, uniq_jessica

Skill      XL: |  1  2  3 |
---------------+----------+-----
Dodging        | 2 |  2.2
Armour         | 3 |  3.2
Fighting       | |  3.5
Maces & Flails | |  3.4

Action                   |  1- 3 |  4- 6 || total
-------------------------+-------+-------++-------
Melee: Mace              |    79 |    20 ||    99
Evoke: Wand              |       |     2 ||     2
  Use: Scroll            |     3 |       ||     3
Armor: Animal skin       |    30 |     7 ||    37
Dodge: Dodged            |    52 |     2 ||    54
Block: Buckler           |     4 |     1 ||     5
